Workbook
Name \0: #REF!
Name \00: #REF!
Name \a: #REF!
Name \a: #REF!
Name \AA: [1]LIQUIDACION!#REF!
Name \b: [2]STRSUMM0!#REF!
Name \bb: [2]STRSUMM0!#REF!
Name \E: #REF!
Name \EE: #REF!
Name \G: #REF!
Name \k: '[3]7422CW00'!#REF!
Name \l: [4]STRSUMM0!#REF!
Name \M: #REF!
Name \ñ: '[5]7422CW00'!#REF!
Name \P: #REF!
Name \R: #REF!
Name \s: #REF!
Name \s: #REF!
Name \V: #REF!
Name \X: 'INDICAR CÓDIGO DEL ITEM DE PAGO'!ERR
Name \X: [0]!ERR
Name \Z: 'INDICAR CÓDIGO DEL ITEM DE PAGO'!ERR
Name \Z: [0]!ERR
Name _________AFC1: [6]INV!$A$25:$D$28
Name _________AFC3: [6]INV!$F$25:$I$28
Name _________AFC5: [6]INV!$K$25:$N$28
Name _________BGC1: [6]INV!$A$5:$D$8
Name _________BGC3: [6]INV!$F$5:$I$8
Name _________BGC5: [6]INV!$K$5:$N$8
Name _________CAC1: [6]INV!$A$19:$D$22
Name _________CAC3: [6]INV!$F$19:$I$22
Name _________CAC5: [6]INV!$K$19:$N$22
Name _________PJ50: #REF!
Name _________PJ50: #REF!
Name _________SBC1: [6]INV!$A$12:$D$15
Name _________SBC3: [6]INV!$F$12:$I$15
Name _________SBC5: [6]INV!$K$12:$N$15
Name ________AFC1: [6]INV!$A$25:$D$28
Name ________AFC3: [6]INV!$F$25:$I$28
Name ________AFC5: [6]INV!$K$25:$N$28
Name ________BGC1: [6]INV!$A$5:$D$8
Name ________BGC3: [6]INV!$F$5:$I$8
Name ________BGC5: [6]INV!$K$5:$N$8
Name ________CAC1: [6]INV!$A$19:$D$22
Name ________CAC3: [6]INV!$F$19:$I$22
Name ________CAC5: [6]INV!$K$19:$N$22
Name ________MA2: #REF!
Name ________MA2: #REF!
Name ________PJ50: #REF!
Name ________PJ50: #REF!
Name ________SBC1: [6]INV!$A$12:$D$15
Name ________SBC3: [6]INV!$F$12:$I$15
Name ________SBC5: [6]INV!$K$12:$N$15
Name _______AFC1: [6]INV!$A$25:$D$28
Name _______AFC3: [6]INV!$F$25:$I$28
Name _______AFC5: [6]INV!$K$25:$N$28
Name _______BGC1: [6]INV!$A$5:$D$8
Name _______BGC3: [6]INV!$F$5:$I$8
Name _______BGC5: [6]INV!$K$5:$N$8
Name _______CAC1: [6]INV!$A$19:$D$22

Sheet PRESUPUESTO OFICIAL (Entidad)
C3: Formulario 1 - Propuesta económica - Documento tipo de licitación de obra pública de infraestructura de transporte - versión 3
C4: Código | D4: CCE-EICP-FM-14 | E4: Versión | F4: 3
C5: FORMULARIO 1
C6: PRESUPUESTO OFICIAL
C7: [La entidad puede utilizar este formulario de detalle del presupuesto oficial para determinar las condiciones bajo las cuales los proponentes analizarán y presentarán su propuesta económica de forma detallada, sin perjuicio que la entidad pueda modificarlo o establecer la presentación de la oferta económica con un formulario distinto al indicado.]
C9: Adicionalmente, cuando el proceso de contratación es estructurado por precios unitarios, la Entidad debe aplicar las notas 1, 2 y 3 del presente formulario y las casillas de "Descripción", "Porcentaje" de la Administración, Imprevisto, Utilidad y total A.I.U. resaltadas en color amarillo. Tratándose de otras modalidades de precio, la Entidad puede o no configurar los mismos aspectos.
C10: “CONTRATO DE OBRA PÚBLICA PARA EJECUTAR EL MANTENIMIENTO MEDIANTE REPARCHEO DEL PAVIMENTO ASFÁLTICO Y DEL PAVIMENTO EN ADOQUÍN EN LAS VÍAS DE LA ZONA URBANA DEL MUNICIPIO DE CARMEN DE CARUPA, CUNDINAMARCA.”
C11: Nº | D11: ÍTEM DE PAGO | E11: ESPECIFICACIONES | G11: DESCRIPCIÓN | H11: UND. | I11: CANTIDAD | J11: VALOR UNITARIO | K11: VALOR TOTAL
E12: GENERAL | F12: PARTICULAR
C14: 1 | D14: 1.1 | E14: 201P | G14: DEMOLICIÓN CONCRETO ESTRUCTURAL (INCLUYE CARGUE Y RETIRO DE SOBRANTES A UNA DISTANCIA DE 5KM) | H14: m3 | I14: 10.1 | J14: =228726*1.3 -> 297343.8 | K14: =I14*J14 -> 3003172.4
C15: 2 | D15: 1.15 | E15: CONSTRUCCION | G15: DEMOLICIÓN ADOQUÍN SOBRE ARENA, H=0.15 m, INC RETIRO | H15: m2 | I15: 68 | J15: =16736*1.3 -> 21756.8 | K15: =I15*J15 -> 1479462.4
C16: 3 | D16: 2.13 | E16: 600.4P | G16: EXCAVACIONES VARIAS EN MATERIAL COMÚN SECO A MANO (INCLUYE RETIRO DE SOBRANTES A UNA DISTANCIA MENOR DE 5 KM) | H16: m3 | I16: 30.93975 | J16: =71810*1.3 -> 93353 | K16: =I16*J16 -> 2888318.5
C17: 4 | D17: 3.2 | E17: 320.1 | G17: SUBBASE GRANULAR | H17: m3 | I17: 30.93975 | J17: =134436*1.3 -> 174766.8 | K17: =I17*J17 -> 5407241.1
C18: 5 | D18: 3.4 | E18: 365.1 | G18: EXCAVACIÓN PARA REPARACIÓN DEL PAVIMENTO EXISTENTE (INCLUYE RETIRO DE ESCOMBROS CON CARGUE MENOR A 5 Km) | H18: m3 | I18: 24.13975 | J18: =202137*1.3 -> 262778.1 | K18: =I18*J18 -> 6343397.6
C19: 6 | D19: 3.5 | E19: 420.1 | G19: RIEGO DE IMPRIMACIÓN | H19: m2 | I19: 241.3975 | J19: =6417*1.3 -> 8342.1 | K19: =I19*J19 -> 2013762.1
C20: 7 | D20: 3.6 | E20: 421.1 | G20: RIEGO DE LIGA CON EMULSIÓN ASFÁLTICA CRR-1 | H20: m2 | I20: 241.3975 | J20: =3128*1.3 -> 4066.4 | K20: =I20*J20 -> 981618.79
C21: 8 | D21: 3.8 | E21: 510.1 | G21: PAVIMENTO DE ADOQUINES DE CONCRETO | H21: m2 | I21: 68 | J21: =99941*1.3 -> 129923.3 | K21: =I21*J21 -> 8834784.4
C22: 9 | D22: 3.11 | E22: 450.9 P | G22: MEZCLA DENSA EN CALIENTE PARA BACHEO (INCLUYE CEMENTO ASFÁLTICO) | H22: m3 | I22: 24.13975 | J22: =1373601*1.3 -> 1785681.3 | K22: =I22*J22 -> 43105900
C23: 10 | D23: 4.13 | G23: NIVELACIÓN DE POZOS DE INSPECCIÓN Di=1.20M, E=0.25M, H=0,21M(INCLUYE PAÑETE INTERNO Y DEMOLICIÓN) | H23: UN | I23: 8 | J23: =207906*1.3 -> 270277.8 | K23: =I23*J23 -> 2162222.4
C24: 11 | D24: 5.13 | E24: URBANISMO | G24: SARDINEL FUNDIDO IN-SITU H=0.2M, E=0.2M,CONCRETO DE 3000 PSI | H24: ML | I24: 17 | J24: =52279*1.3 -> 67962.7 | K24: =I24*J24 -> 1155365.9
C26: Subtotal | K26: =SUM(K14:K24) -> 77375246
C27: SUBTOTAL OBRAS | K27: =SUM(K26:K26) -> 77375246
C31: NOTA 1: Se debe tener en cuenta que el PRECIO UNITARIO incluye el valor de A.I.U. | H31: DESCRIPCION | K31: PORCENTAJE
C32: NOTA 2: Cuando la fracción decimal del peso sea igual o superior a 5 se aproximará por exceso al número entero siguiente del peso y cuando la fracción decimal del peso sea inferior a 5 se aproximará por defecto al número entero del peso. | H32: ADMINISTRACIÓN | J32: A= | K32: 0.26
C33: NOTA 3: El A.I.U y su discriminación deben estar en porcentaje (%). | H33: IMPREVISTO | J33: I= | K33: 0.02
H34: UTILIDAD | J34: U= | K34: 0.02
H35: TOTAL A.I.U | J35: A.I.U.= | K35: =SUM(K32:K34) -> 0.3

Sheet PROPUESTA ECONOMICA(Proponente)
C3: Formulario 1 - Propuesta económica - Documento tipo de licitación de obra pública de infraestructura de transporte - versión 3
C4: Código | D4: CCE-EICP-FM-14 | E4: Versión | F4: 3
C5: FORMULARIO 1
C6: PROPUESTA ECONÓMICA
C7: [La entidad puede utilizar este formulario de presentación de propuesta económica de forma detallada, sin perjuicio que la entidad pueda modificarlo o establecer la presentación de la oferta económica con un formulario distinto al indicado.] [Los proponentes emplearán el formulario establecido por la entidad para determinar su propuesta económica conforme al Formulario 1 - Presupuesto Oficial publicado por la Entidad]
C9: Cuando el proceso de contratación es estructurado por precios unitarios, la Entidad debe aplicar las notas 1, 2 y 3 del presente formato y las casillas de "Descripción", "Porcentaje" de la Administración, Imprevisto, Utilidad y total A.I.U. resaltadas en color amarillo.
C10: “CONTRATO DE OBRA PÚBLICA PARA EJECUTAR EL MANTENIMIENTO MEDIANTE REPARCHEO DEL PAVIMENTO ASFÁLTICO Y DEL PAVIMENTO EN ADOQUÍN EN LAS VÍAS DE LA ZONA URBANA DEL MUNICIPIO DE CARMEN DE CARUPA, CUNDINAMARCA.”
C11: Nº | D11: ÍTEM DE PAGO | E11: ESPECIFICACIONES | G11: DESCRIPCIÓN | H11: UND. | I11: CANTIDAD | J11: VALOR UNITARIO | K11: VALOR TOTAL
E12: GENERAL | F12: PARTICULAR
C14: 1 | D14: 1.1 | E14: 201P | G14: DEMOLICIÓN CONCRETO ESTRUCTURAL (INCLUYE CARGUE Y RETIRO DE SOBRANTES A UNA DISTANCIA DE 5KM) | H14: m3 | I14: 10.1
C15: 2 | D15: 1.15 | E15: CONSTRUCCION | G15: DEMOLICIÓN ADOQUÍN SOBRE ARENA, H=0.15 m, INC RETIRO | H15: m2 | I15: 68
C16: 3 | D16: 2.13 | E16: 600.4P | G16: EXCAVACIONES VARIAS EN MATERIAL COMÚN SECO A MANO (INCLUYE RETIRO DE SOBRANTES A UNA DISTANCIA MENOR DE 5 KM) | H16: m3 | I16: 30.93975
C17: 4 | D17: 3.2 | E17: 320.1 | G17: SUBBASE GRANULAR | H17: m3 | I17: 30.93975
C18: 5 | D18: 3.4 | E18: 365.1 | G18: EXCAVACIÓN PARA REPARACIÓN DEL PAVIMENTO EXISTENTE (INCLUYE RETIRO DE ESCOMBROS CON CARGUE MENOR A 5 Km) | H18: m3 | I18: 24.13975
C19: 6 | D19: 3.5 | E19: 420.1 | G19: RIEGO DE IMPRIMACIÓN | H19: m2 | I19: 241.3975
C20: 7 | D20: 3.6 | E20: 421.1 | G20: RIEGO DE LIGA CON EMULSIÓN ASFÁLTICA CRR-1 | H20: m2 | I20: 241.3975
C21: 8 | D21: 3.8 | E21: 510.1 | G21: PAVIMENTO DE ADOQUINES DE CONCRETO | H21: m2 | I21: 68
C22: 9 | D22: 3.11 | E22: 450.9 P | G22: MEZCLA DENSA EN CALIENTE PARA BACHEO (INCLUYE CEMENTO ASFÁLTICO) | H22: m3 | I22: 24.13975
C23: 10 | D23: 4.13 | G23: NIVELACIÓN DE POZOS DE INSPECCIÓN Di=1.20M, E=0.25M, H=0,21M(INCLUYE PAÑETE INTERNO Y DEMOLICIÓN) | H23: UN | I23: 8
C24: 11 | D24: 5.13 | E24: URBANISMO | G24: SARDINEL FUNDIDO IN-SITU H=0.2M, E=0.2M,CONCRETO DE 3000 PSI | H24: ML | I24: 17
C25: Subtotal
C26: AJUSTE AL PESO
C27: SUBTOTAL OBRAS
G30: VALOR TOTAL | K30: =K27 -> 0
G35: SUBTOTAL OBRAS (INCLUYE IVA)
G39: VALOR TOTAL
C42: NOTA 1: Se debe tener en cuenta que el PRECIO UNITARIO incluye el valor de A.I.U. | H42: DESCRIPCIÓN | K42: PORCENTAJE
C43: NOTA 2: Cuando la fracción decimal del peso sea igual o superior a 5 se aproximara por exceso al número entero siguiente del peso y cuando la fracción decimal del peso sea inferior a 5 se aproximará por defecto al número entero del peso. | H43: ADMINISTRACIÓN | J43: A= | K43: [Ofrecimiento del Proponente]
C44: NOTA 3: El A.I.U y su discriminación deben estar en porcentaje (%). | H44: IMPREVISTO | J44: I= | K44: [Ofrecimiento del Proponente]
H45: UTILIDAD | J45: U= | K45: [Ofrecimiento del Proponente]
H46: TOTAL A.I.U | J46: A.I.U.= | K46: [Ofrecimiento del Proponente]
G49: Firma del Proponente o de su Representante Legal

Sheet INDICAR CÓDIGO DEL ITEM DE PAGO
C3: Formulario 1 - Propuesta económica - Documento tipo de licitación de obra pública de infraestructura de transporte - versión 3
C4: Código | D4: CCE-EICP-FM-14 | E4: Versión | F4: 3
C6: [La entidad podrá utilizar este formato para la presentación de los análisis de precios unitarios del contratista en la oportunidad prevista en el numeral 8.1. del Documento Base]
D9: [NOMBRE DE LA ENTIDAD]
L10: VERSIÓN
D11: [NÚMERO DEL PROCESO]
L12: PÁGINA | M12: 1 | N12: DE | O12: 1
D14: ANALISIS DE PRECIOS UNITARIOS
L16: FECHA | M16: DD | N16: MM | O16: AA
C18: ÍTEMS DE LA PROPUESTA ECONÓMICA | I18: ÍTEMS NO PREVISTOS
C22: DATOS ESPECÍFICOS
C24: ÍTEM | D24: DESCRIPCIÓN | M24: UNIDAD | O24: CANTIDAD
C25: 1.1 | D25: DEMOLICION CONCRETO ESTRUCTURAL(INCLUYE CARGUE Y RETIRO DE SOBRANTES A UNA DISTANCIA DE 5 KM) | M25: M3 | O25: ='PRESUPUESTO OFICIAL (Entidad)'!I14 -> 10.1
C26: I. EQUIPO
C29: DESCRIPCIÓN | H29: MARCA | J29: TIPO | L29: TARIFA/HORA | M29: RENDIMIENTO | O29: Vr. UNITARIO
C30: COMPRESOR DE 250 CPM | L30: 155951 | M30: 2 | O30: =L30/M30 -> 77975.5
C31: MARTILLO DEMOLEDOR 60 LB | L31: 17588 | M31: 2 | O31: =L31/M31 -> 8794
C32: RETROEXCAVADORA 75 HP | L32: 164614 | M32: 2 | O32: =L32/M32 -> 82307
L33: 2276.18 | M33: 1 | O33: =L33/M33 -> 2276.18
C34: SUBTOTAL $ | O34: =SUM(O30:O33) -> 171352.68
C35: II. MATERIALES
C38: DESCRIPCIÓN | K38: UNIDAD | L38: CANTIDAD | M38: PRECIO UNIT. | O38: Vr. UNITARIO
C41: SUBTOTAL $ | O41: 0
C42: III. TRANSPORTES
C45: MATERIAL | J45: VOL. o PESO | K45: DISTANCIA | L45: M3 o Ton/Km | M45: TARIFA | O45: Vr. UNITARIO
C46: MATERIAL DESMONTADO | J46: 1.3 | K46: 5 | L46: =J46*K46 -> 6.5 | M46: 1823 | O46: =L46*M46 -> 11849.5
C48: SUBTOTAL $ | O48: =SUM(O46:O47) -> 11849.5
C49: IV. MANO DE OBRA
C52: TRABAJADOR | J52: JORNAL | K52: PRESTACIONES | L52: JORNAL TOTAL | M52: RENDIMIENTO | O52: Vr. UNITARIO
C53: AYUDANTE (3) AA | J53: 227618 | K53: 2 | L53: =J53*K53 -> 455236 | M53: 10 | O53: =L53/M53 -> 45523.6
C57: SUBTOTAL $ | O57: =SUM(O53:O56) -> 45523.6
C59: TOTAL COSTO DIRECTO $ | O59: =SUM(O34+O48+O57) -> 228725.78
C60: V. COSTOS INDIRECTOS
C63: Descripción | L63: Porcentaje | M63: Valor Total
C64: ADMINISTRACION | L64: 0.26 | M64: =$O$59*L64 -> 59468.703
C65: IMPREVISTOS | L65: 0.02 | M65: =$O$59*L65 -> 4574.5156
C66: UTILIDAD | L66: 0.02 | M66: =$O$59*L66 -> 4574.5156
C67: SUBTOTAL $ | O67: =SUM(M64:N66) -> 68617.734
O68: 0.29
C69: Precio Unitario Total Aproximado al peso $ | O69: =SUM(O59+O67+O68) -> 297343.8
C71: ÍTEM | D71: DESCRIPCIÓN | M71: UNIDAD | O71: CANTIDAD
C72: 2.13 | D72: EXCAVACIONES VARIAS EN MATERIAL COMÚN SECO A MANO (INCLUYE RETIRO DE SOBRANTES A UNA DISTANCIA MENOR DE 5 KM) | M72: M3 | O72: ='PRESUPUESTO OFICIAL (Entidad)'!I16 -> 30.93975
C73: I.EQUIPO
C76: DESCRIPCIÓN | H76: MARCA | J76: TIPO | L76: TARIFA/HORA | M76: RENDIMIENTO | O76: Vr. UNITARIO
C77: HERRAMIENTA MENOR | L77: 4742.04 | M77: 1 | O77: =L77/M77 -> 4742.04
C80: SUBTOTAL $ | O80: =SUM(O77:O79) -> 4742.04
C81: II. MATERIALES
C84: DESCRIPCIÓN | K84: UNIDAD | L84: CANTIDAD | M84: PRECIO UNIT. | O84: Vr. UNITARIO
C85: DERECHO A BOTADERO | K85: m3 | L85: 1 | M85: 7798 | O85: =L85*M85 -> 7798
C87: SUBTOTAL $ | O87: =SUM(O85:O86) -> 7798
C88: III. TRANSPORTES
C91: MATERIAL | J91: VOL. o PESO | K91: DISTANCIA | L91: M3 o Ton/Km | M91: TARIFA | O91: Vr. UNITARIO
C92: MATERIAL EXCAVADO | J92: 1.3 | K92: 5 | L92: =J92*K92 -> 6.5 | M92: 1823 | O92: =L92*M92 -> 11849.5
C94: SUBTOTAL $ | O94: =SUM(O92:O93) -> 11849.5
C95: IV. MANO DE OBRA
C98: TRABAJADOR | J98: JORNAL | K98: PRESTACIONES | L98: JORNAL TOTAL | M98: RENDIMIENTO | O98: Vr. UNITARIO
C99: AYUDANTE (5) AA | J99: 379363 | K99: 2 | L99: =J99*K99 -> 758726 | M99: 16 | O99: =L99/M99 -> 47420.375
C103: SUBTOTAL $ | O103: =SUM(O99:O102) -> 47420.375
C105: TOTAL COSTO DIRECTO $ | O105: =SUM(O80+O87+O94+O103) -> 71809.915
C106: V. COSTOS INDIRECTOS
C109: Descripción | L109: Porcentaje | M109: Valor Total
C110: ADMINISTRACION | L110: 0.26 | M110: =$O$105*L110 -> 18670.578 | O110: =M110 -> 18670.578
C111: IMPREVISTOS | L111: 0.02 | M111: =$O$105*L111 -> 1436.1983 | O111: =M111 -> 1436.1983
C112: UTILIDAD | L112: 0.02 | M112: =$O$105*L112 -> 1436.1983 | O112: =M112 -> 1436.1983
C113: SUBTOTAL $ | O113: =SUM(O110:O112) -> 21542.975
C115: Precio Unitario Total Aproximado al peso $ | O115: =O105+O113 -> 93352.89
C117: ÍTEM | D117: DESCRIPCIÓN | M117: UNIDAD | O117: CANTIDAD
C118: 3.2 | D118: SUBBASE GRANULAR | M118: M3 | O118: ='PRESUPUESTO OFICIAL (Entidad)'!I17 -> 30.93975
C119: I.EQUIPO
C122: DESCRIPCIÓN | H122: MARCA | J122: TIPO | L122: TARIFA/HORA | M122: RENDIMIENTO | O122: Vr. UNITARIO
C123: MOTONIVELADORA 120 HP | L123: 207937 | M123: 25 | O123: =L123/M123 -> 8317.48
C124: CARROTANQUE DE AGUA 10000 LITROS | L124: 149084 | M124: 25 | O124: =L124/M124 -> 5963.36
C125: VIBROCOMPACTADOR 8 TON | L125: 155951 | M125: 25 | O125: =L125/M125 -> 6238.04
C127: SUBTOTAL $ | O127: =SUM(O123:O126) -> 20518.88
C128: II. MATERIALES
C131: DESCRIPCIÓN | K131: UNIDAD | L131: CANTIDAD | M131: PRECIO UNIT. | O131: Vr. UNITARIO
C132: SUBBASE GRANULAR | K132: m3 | L132: 1.3 | M132: 57949 | O132: =L132*M132 -> 75333.7
C134: SUBTOTAL $ | O134: =SUM(O132:O133) -> 75333.7
C135: III. TRANSPORTES
C138: MATERIAL | J138: VOL. o PESO | K138: DISTANCIA | L138: M3 o Ton/Km | M138: TARIFA | O138: Vr. UNITARIO
C139: TRANS. SUBBASE | J139: 1.3 | K139: 15 | L139: =J139*K139 -> 19.5 | M139: 1823 | O139: =L139*M139 -> 35548.5
C141: SUBTOTAL $ | O141: =SUM(O139:O140) -> 35548.5
C142: IV. MANO DE OBRA
C145: TRABAJADOR | J145: JORNAL | K145: PRESTACIONES | L145: JORNAL TOTAL | M145: RENDIMIENTO | O145: Vr. UNITARIO
C146: AYUDANTE (2) AA | J146: 151745 | K146: 2 | L146: =J146*K146 -> 303490 | M146: 100 | O146: =L146/M146 -> 3034.9
C150: SUBTOTAL $ | O150: =SUM(O146:O149) -> 3034.9
C152: TOTAL COSTO DIRECTO $ | O152: =SUM(O127+O134+O141+O150) -> 134435.98
C153: V. COSTOS INDIRECTOS
C156: Descripción | L156: Porcentaje | M156: Valor Total
C157: ADMINISTRACION | L157: 0.26 | M157: =$O$152*L157 -> 34953.355 | O157: =M157 -> 34953.355
C158: IMPREVISTOS | L158: 0.02 | M158: =$O$152*L158 -> 2688.7196 | O158: =M158 -> 2688.7196
C159: UTILIDAD | L159: 0.02 | M159: =$O$152*L159 -> 2688.7196 | O159: =M159 -> 2688.7196
C160: SUBTOTAL $ | O160: =SUM(O157:O159) -> 40330.794
O161: 0.03
C162: Precio Unitario Total Aproximado al peso $ | O162: =SUM(O152+O160+O161) -> 174766.8
C164: ÍTEM | D164: DESCRIPCIÓN | M164: UNIDAD | O164: CANTIDAD
C165: 3.4 | D165: EXCAVACIÓN PARA REPARACIÓN DEL PAVIMENTO EXISTENTE (INCLUYE RETIRO DE ESCOMBROS CON CARGUE MENOR A 5 KM) | M165: M3 | O165: ='PRESUPUESTO OFICIAL (Entidad)'!I18 -> 24.13975
C166: I.EQUIPO
C169: DESCRIPCIÓN | H169: MARCA | J169: TIPO | L169: TARIFA/HORA | M169: RENDIMIENTO | O169: Vr. UNITARIO
C170: CORTADORA DE PAVIMENTO | L170: 93265 | M170: 2 | O170: =L170/M170 -> 46632.5
...
